AoeStats
← EazySwayzee

Arena

509959577Analyzed
1v1 RM · 2d ago on Sep 28, 2026· 36m 19s· 2 players
Game mode
Random Map
Map size
Tiny (2 player)
Population
200
Speed
Normal
Resources
Standard
Victory
Conquest
Starting age
Dark Age
Ending age
Imperial Age
RankedLock teamsTeams togetherTeam positionsShared explorationLock speedFull tech treeHidden civsTurbo modeCheats
Victory
Defeat
🇩🇪 Byzantines · Germany
1046
+15
🇮🇹 Saxons · Italy
1020
-15
Tussl80
11:10 Feudal Age
14:51 Castle Age
12:51 Double-Bit Axe
13:04 Horse Collar
13:50 Gold Mining
21:32 Loom
22:23 Wheelbarrow
23:28 Stone Mining
28:14 Imperial Age
35:09 Ballistics
34:44 Cavalier
35:35 Bloodlines
36:23 Bloodlines
EazySwayzee
10:43 Feudal Age
14:28 Castle Age
12:28 Double-Bit Axe
12:41 Horse Collar
16:51 Bow Saw
20:58 Loom
21:49 Wheelbarrow
24:11 Gold Mining
28:36 Imperial Age
26:37 Heavy Plow
26:54 Fletching
27:23 Stone Mining
28:02 Bodkin Arrow
28:13 Scale Barding Armor
28:40 Hand Cart
28:46 Scale Mail Armor
28:32 Crossbowman
31:27 Chemistry
30:47 Ballistics
29:52 Arbalester
31:34 Bracer
31:50 Chain Mail Armor
33:29 Scale Barding Armor
33:56 Plate Mail Armor
34:51 Thumb Ring
35:10 Conscription
Connection lost

Rejoining the realm…

Still unreachable

The connection could not be restored.

Session expired

The server has moved on; the page needs a fresh start.